 Dungeon Crawl Stone Soup version 0.31-a0-675-g238779eb0a (webtiles) character file.

Game seed: 17671077441713835775

1358 qw the Skirmisher (level 8, -10/51 HPs)
             Began as a Gargoyle Hunter on Sept 5, 2023.
             Mangled by an ogre
             ... wielding a +0 giant spiked club
              (22 damage)
             ... on level 6 of the Dungeon.
             The game lasted 00:01:29 (3722 turns).

qw the Skirmisher (Gargoyle Hunter)                 Turns: 3722, Time: 00:01:30

Health: -10/51     AC: 11    Str: 15    XL:     8   Next: 64%
Magic:  8/8        EV: 11    Int: 10    God:
Gold:   211        SH:  0    Dex: 21    Spells: 7/7 levels left

rFire   . . .        Y - +3 shortbow (freeze)
rCold   . . .        (shield currently unavailable)
rNeg    + . .        g - +0 ring mail
rPois   inf          (no helmet)
rElec   +            (no cloak)
rCorr   .            (no gloves)
SInv    .            (no boots)
Will    .....        d - amulet of regeneration
Stlth   +            h - +6 ring of dexterity
HPRegen 1.08/turn    (no ring)
MPRegen 0.11/turn

%: no passive effects
@: about to teleport
A: sickness immunity, AC +5, negative energy resistance 1, electricity
resistance, torment resistance 1, petrification resistance
a: no special abilities


You were on level 6 of the Dungeon.
You visited 1 branch of the dungeon, and saw 6 of its levels.

You collected 211 gold pieces.


Innate Abilities, Weirdness & Mutations

You are immune to sickness and miasma.
Your stone body is resilient. (AC +5)
You are immune to poison.
You resist negative energy. (rN+)
You are resistant to electric shocks. (rElec)
You are resistant to unholy torment.
You are immune to petrification.


   Skills:
 + Level 5.8 Fighting
 - Level 9.5 Ranged Weapons
 - Level 1.9 Armour
 - Level 2.1 Dodging
 - Level 1.1 Stealth


You had 7 spell levels left.
You didn't know any spells.
Your spell library was empty.

Inventory:

Hand Weapons
 Y - a +3 shortbow of freezing (weapon)
Armour
 g - a +0 ring mail (worn)
Jewellery
 c - a ring of positive energy
 d - an amulet of regeneration (around neck)
 h - a +6 ring of dexterity (left hand)
Scrolls
 a - 2 scrolls of enchant armour
 e - a scroll of identify
Potions
 b - a potion of curing {unknown}
 i - a potion of degeneration {unknown}
 j - a potion of berserk rage {unknown}
 k - 2 potions of might {unknown}
 l - a potion of cancellation {unknown}

Dungeon Overview and Level Annotations

Branches:
Dungeon (6/15)
 Temple: D:4-7

Altars:
Fedhas
Gozag
Hepliaklqana
Makhleb
Nemelex Xobeh
Sif Muna
Trog
Yredelemnul
The Shining One


Message History

The arrow freezes the orc warrior.
The orc warrior is heavily wounded.
The orc warrior hits you with a +0 flail.
The ogre barely misses you.
You shoot an arrow. The arrow hits the orc warrior.
The arrow freezes the orc warrior.
The orc warrior is almost dead.
The orc warrior completely misses you. The ogre hits you but does no damage.
You shoot an arrow.
The arrow hits the orc warrior but does no damage.
The orc warrior is almost dead.
The orc warrior hits you with a +0 flail.
You shoot an arrow.
The arrow closely misses the orc warrior.
The ogre completely misses you. The orc warrior closely misses you.
You shoot an arrow.
The arrow hits the orc warrior but does no damage.
The orc warrior is almost dead.
The orc warrior hits you with a +0 flail.
The ogre hits you with a +0 giant spiked club!
You shoot an arrow.
The arrow hits the orc warrior but does no damage.
The orc warrior is almost dead.
The orc warrior barely misses you.
You shoot an arrow. The arrow hits the orc warrior.
The arrow freezes the orc warrior.
You kill the orc warrior!
The ogre hits you with a +0 giant spiked club!!
3720 ||| READING scroll of teleportation.
As you read the scroll of teleportation, it crumbles to dust.
You feel strangely unstable. The gnoll barely misses you.
The ogre barely misses you.
You shoot an arrow. The arrow hits the ogre!
The arrow freezes the ogre.
The ogre is heavily wounded.
The gnoll hits you but does no damage.
You shoot an arrow. The arrow hits the ogre.
The arrow freezes the ogre.
The ogre is almost dead.
The gnoll barely misses you.
The ogre hits you with a +0 giant spiked club!!
You die...

.. #. #. .#. .#. #.
#.###... ...
####.###.....# :.#
.##....#....... ...
^..#......###.#####.# #
..........#[...?#..#..#
..##.....)#.....#g....#
................@#
..........#.....#O....#
##........#=...?#..#..#
#.........###.#####.# #
...##.#.#.......# ...
.#....###....#..# ..#
##..#...#.#.#..... ...
.....#....### ..#. .#.
####....>...# .#


You could see an ogre and a gnoll.

Vanquished Creatures
  A cyclops (D:6)
  Edmund (D:4)
  A water moccasin (D:5)
  An orc warrior (D:6)
  5 jellies
  2 hounds
  3 orc priests
  Jessica (D:3)
  3 iguanas
  A sleepcap (D:6)
  Terence (D:3)
  4 orc wizards
  7 adders
  An ufetubus (D:5)
  3 dart slugs
  14 orcs
  4 endoplasms
  4 giant cockroaches
  8 goblins
  6 hobgoblins
  4 kobolds
  5 quokkas
  6 ball pythons
  2 bats
  7 frilled lizards
  3 rats
98 creatures vanquished.

Notes
Turn   | Place    | Note
-------+----------+-------------------------------------------
     0 | D:1      | qw the Gargoyle Hunter began the quest for the Orb.
     0 | D:1      | Reached XP level 1. HP: 12/12 MP: 1/1
     0 | D:1      | 0 ||| qw: Version: 0.3-a-75-gb5c8c4b
     0 | D:1      | 0 ||| qw: Game counter: 12
     0 | D:1      | 0 ||| qw: Melee chars always use a shield: true
     0 | D:1      | 0 ||| qw: God list: Okawaru
     0 | D:1      | 0 ||| qw: Allow faded altars: false
     0 | D:1      | 0 ||| qw: Do Orc after clearing Dungeon:15 true
     0 | D:1      | 0 ||| qw: Do second Lair branch before Depths: true
     0 | D:1      | 0 ||| qw: Lair rune preference: random
     0 | D:1      | 0 ||| qw: Goals: Normal
     0 | D:1      | 0 ||| PLANNING D:1-11
   120 | D:1      | Reached XP level 2. HP: 17/17 MP: 2/2
   441 | D:1      | 441 ||| UPGRADING to amulet of regeneration.
   446 | D:1      | 446 ||| READING scroll labelled UWKIOM KIT QEY.
   447 | D:1      | 447 ||| READING scroll labelled CEULAKHL ONWU.
   450 | D:1      | 450 ||| READING scroll labelled GOMAYCZ DOOM.
   451 | D:1      | 451 ||| READING scroll labelled FIUVU GEFECU.
   452 | D:1      | 452 ||| READING scroll labelled PIXOARPHOAF.
   456 | D:1      | 456 ||| DROPPING scroll of butterflies.
   565 | D:2      | Found a hazy altar of Hepliaklqana.
   609 | D:2      | Reached XP level 3. HP: 21/21 MP: 3/3
   612 | D:2      | Reached skill level 5 in Ranged Weapons
   997 | D:2      | Reached skill level 3 in Fighting
  1075 | D:2      | 1075 ||| UPGRADING to +6 ring of dexterity.
  1076 | D:2      | 1076 ||| READING 2 scrolls labelled WAQUUH ILAASU.
  1077 | D:2      | 1077 ||| READING scroll labelled WINEUKHLIFAU.
  1078 | D:2      | 1078 ||| READING scroll labelled FAYGOI CEN UCUPT.
  1161 | D:3      | Reached XP level 4. HP: 28/28 MP: 4/4
  1198 | D:3      | Found a hazy altar of Hepliaklqana.
  1255 | D:3      | Noticed Terence
  1260 | D:3      | Killed Terence
  1348 | D:3      | Found a glowing golden altar of the Shining One.
  1422 | D:3      | Noticed Jessica
  1423 | D:3      | Killed Jessica
  1424 | D:3      | Reached XP level 5. HP: 32/32 MP: 5/5
  1428 | D:3      | Reached skill level 6 in Ranged Weapons
  1439 | D:3      | 1439 ||| FLEEEEING.
  1726 | D:3      | 1726 ||| UPGRADING to +0 ring mail.
  1736 | D:3      | 1736 ||| DROPPING +0 leather armour.
  1737 | D:3      | 1737 ||| READING scroll labelled ENOHAU UDOOLEOTER.
  2165 | D:4      | Found a sparkling altar of Nemelex Xobeh.
  2165 | D:4      | Found a burning altar of Makhleb.
  2192 | D:4      | Found a bloodstained altar of Trog.
  2202 | D:4      | Noticed Edmund
  2206 | D:4      | HP: 8/32 [Edmund/+2 heavy dire flail (24)]
  2207 | D:4      | 2207 ||| READING 3 scrolls of teleportation.
  2253 | D:4      | Reached skill level 1 in Armour
  2253 | D:4      | Reached XP level 6. HP: 37/37 MP: 6/6
  2510 | D:4      | 2510 ||| READING scroll of enchant weapon.
  2510 | D:4      | 2510 ||| ENCHANTING +1 shortbow of freezing.
  2533 | D:4      | Killed Edmund
  2773 | D:4      | Found a shimmering blue altar of Sif Muna.
  2777 | D:4      | Found a blossoming altar of Fedhas.
  2866 | D:4      | 2866 ||| READING scroll labelled PYP ZUOSEDOPP.
  2867 | D:4      | 2867 ||| READING scroll labelled GAOFYWIHEZI.
  2882 | D:5      | Entered Level 5 of the Dungeon
  2936 | D:5      | Reached XP level 7. HP: 32/44 MP: 7/7
  2961 | D:5      | Reached skill level 7 in Ranged Weapons
  2990 | D:5      | Found a basalt altar of Yredelemnul.
  3050 | D:5      | Found an opulent altar of Gozag.
  3164 | D:5      | 3164 ||| DROPPING amulet of guardian spirit.
  3165 | D:5      | 3165 ||| READING scroll labelled TAJUOR KAUV.
  3166 | D:5      | 3166 ||| READING scroll labelled KAJ VUZUDAIWALE.
  3173 | D:5      | 3173 ||| STAIRDANCE
  3177 | D:5      | 3177 ||| STAIRDANCE
  3181 | D:5      | 3181 ||| STAIRDANCE
  3185 | D:5      | 3185 ||| STAIRDANCE
  3189 | D:5      | 3189 ||| STAIRDANCE
  3193 | D:5      | 3193 ||| STAIRDANCE
  3200 | D:5      | 3200 ||| STAIRDANCE
  3212 | D:5      | 3212 ||| STAIRDANCE
  3216 | D:5      | 3216 ||| STAIRDANCE
  3220 | D:5      | 3220 ||| STAIRDANCE
  3224 | D:5      | 3224 ||| STAIRDANCE
  3228 | D:5      | 3228 ||| STAIRDANCE
  3232 | D:5      | 3232 ||| STAIRDANCE
  3236 | D:5      | 3236 ||| STAIRDANCE
  3240 | D:5      | 3240 ||| STAIRDANCE
  3244 | D:5      | 3244 ||| STAIRDANCE
  3248 | D:5      | 3248 ||| STAIRDANCE
  3252 | D:5      | 3252 ||| STAIRDANCE
  3256 | D:5      | 3256 ||| STAIRDANCE
  3260 | D:5      | 3260 ||| STAIRDANCE
  3525 | D:6      | 3525 ||| STAIRDANCE
  3530 | D:5      | Reached skill level 8 in Ranged Weapons
  3533 | D:6      | 3533 ||| STAIRDANCE
  3535 | D:6      | 3535 ||| STAIRDANCE
  3566 | D:6      | 3566 ||| STAIRDANCE
  3577 | D:6      | 3577 ||| STAIRDANCE
  3583 | D:5      | HP: 11/44 [orc priest/+0 flail (8)]
  3584 | D:5      | 3584 ||| READING 2 scrolls of teleportation.
  3584 | D:5      | HP: 2/44 [orc priest/divine providence (10)]
  3586 | D:5      | Reached XP level 8. HP: 4/49 MP: 8/8
  3664 | D:6      | 3664 ||| READING scroll of enchant weapon.
  3664 | D:6      | 3664 ||| ENCHANTING +2 shortbow of freezing.
  3702 | D:6      | Noticed a cyclops
  3705 | D:6      | 3705 ||| RETREATING.
  3709 | D:6      | Killed a cyclops
  3710 | D:6      | Reached skill level 9 in Ranged Weapons
  3719 | D:6      | HP: 8/49 [ogre/+0 giant spiked club (23)]
  3720 | D:6      | 3720 ||| READING scroll of teleportation.
  3722 | D:6      | Mangled by an ogre

Levels and vault maps discovered:
D:1:      roderic_crossed_star, layout_rooms, dk_noncrumbling_4
D:2:      layout_basic, basic_altar, nicolae_twisty_statue_hallways
D:3:      layout_loops_ring, tso_metal_star, nzn_hepliaklqana_mist_gate,
          uniq_jessica, uniq_terence
D:4:      layout_layer_cave, mainiacjoe_overflow_catwalk,
          nicolae_overflow_hidden_temple, serial_glass, glass_columns_c,
          glass_columns_b, item_on_display_a, uniq_edmund
D:5:      layout_cave_pools, lemuel_round_altar, lemuel_coloured_pillars_altar,
          kennysheep_generic_room_9
D:6:      layout_cave_pools, cheibrodos_worm_habitat,
          mainiacjoe_overflow_surrounded_room, lemuel_crystal_altar,
          temple_pool_b, minmay_chambers_of_fives

Skill      XL: |  1  2  3  4  5  6  7  8 |
---------------+-------------------------+-----
Ranged Weapons | 5 6 8 9 |  9.5
Fighting       | 3 4 5 |  5.8
Dodging        | 2 |  2.1
Armour         | 1 |  1.9
Stealth        | |  1.1

Action                     |  1- 3 |  4- 6 |  7- 9 || total
---------------------------+-------+-------+-------++-------
   Fire: Shortbow          |    85 |   105 |    75 ||   265
    Use: Scroll            |     8 |     5 |     5 ||    18
 Armour: Leather armour    |    11 |     8 |       ||    19
         Ring mail         |       |    19 |    61 ||    80
  Dodge: Dodged            |     8 |    18 |    44 ||    70

Table legend:
 A = Non-vault XP
 B = Vault XP
 C = Vault XP percentage of total XP
 D = Non-vault monster count
 E = Vault monster count
 F = Vault count percentage of total count
                 A         B        C        D         E       F
            +---------+---------+-------+---------+---------+-------
      Total |    1059 |     881 |  45.4 |      91 |       7 |   7.1
            +---------+---------+-------+---------+---------+-------
        D:1 |      27 |       0 |   0.0 |      15 |       0 |   0.0
        D:2 |      51 |       0 |   0.0 |      16 |       0 |   0.0
        D:3 |     134 |      73 |  35.3 |      22 |       2 |   8.3
        D:4 |     121 |     164 |  57.5 |      15 |       1 |   6.2
        D:5 |     686 |       3 |   0.4 |      21 |       1 |   4.5
        D:6 |      40 |     641 |  94.1 |       2 |       3 |  60.0
            +---------+---------+-------+---------+---------+-------
